 Dungeon Crawl Stone Soup version 0.31-a0-200-gbc41564c69 (webtiles) character file.

Game seed: 207742056524423205

209 qw the Skirmisher (level 5, -10/30 HPs)
             Began as a Deep Elf Hunter on June 25, 2023.
             Mangled by Menkaure (16 damage)
             ... on level 4 of the Dungeon.
             The game lasted 00:01:04 (2449 turns).

qw the Skirmisher (Deep Elf Hunter)                 Turns: 2449, Time: 00:01:04

Health: -10/30     AC:  7    Str: 10    XL:     5   Next: 55%
Magic:  7/7        EV: 11    Int: 14    God:
Gold:   136        SH:  0    Dex: 18    Spells: 4/4 levels left

rFire   + . .        Y - +0 shortbow
rCold   . . .        (shield currently unavailable)
rNeg    . . .        i - +0 ring mail
rPois   .            (no helmet)
rElec   .            b - +0 cloak
rCorr   .            (no gloves)
SInv    .            e - +0 pair of boots
Will    .....        d - amulet of the acrobat
Stlth   +            c - ring of protection from fire
HPRegen 0.25/turn    (no ring)
MPRegen 0.10/turn

%: acrobat
@: about to teleport
A: no striking features
a: no special abilities


You were on level 4 of the Dungeon.
You visited 1 branch of the dungeon, and saw 4 of its levels.

You collected 136 gold pieces.


   Skills:
 + Level 1.7 Fighting
 - Level 9.0 Ranged Weapons
 - Level 2.4 Dodging
 - Level 1.2 Stealth


You had 4 spell levels left.
You didn't know any spells.
Your spell library was empty.

Inventory:

Hand Weapons
 Y - a +0 shortbow (weapon)
Armour
 b - a +0 cloak (worn)
 e - a +0 pair of boots (worn)
 i - a +0 ring mail (worn)
Jewellery
 c - a ring of protection from fire (left hand)
 d - an amulet of the acrobat (around neck)
Scrolls
 a - 2 scrolls of identify
Potions
 f - a potion of heal wounds {unknown}
 g - a potion of curing {unknown}
 h - a potion of ambrosia {unknown}
 k - a potion of magic {unknown}
 l - a potion of lignification {unknown}

Dungeon Overview and Level Annotations

Branches:
Dungeon (4/15)
 Temple: D:4-7

Altars:

Annotations:
D:4 3 runed translucent doors, Menkaure; Pikel; qw's ghost, weakling DEHu


Message History

You shoot an arrow. The arrow hits Menkaure.
Menkaure is moderately damaged.
A lemure comes into view.
The orc misses you. Menkaure misses you.
You shoot an arrow.
The arrow hits Menkaure but does no damage.
Menkaure is moderately damaged.
The orc hits you but does no damage.
Menkaure points at you and mumbles some strange words.
You struggle to resist.
You shoot an arrow. The arrow hits Menkaure.
Menkaure is moderately damaged.
The orc closely misses you.
You shoot an arrow. The arrow hits Menkaure.
Menkaure is heavily damaged.
Pikel, Merchant of Souls comes into view.
He is wielding a +0 whip of flaming and carrying a wand of flame (21).
The orc misses you. Menkaure barely misses you.
You shoot an arrow.
Pikel shouts!
The arrow hits Menkaure!
Menkaure is almost destroyed.
You hear a shout!
The orc hits you but does no damage.
Menkaure gestures wildly while chanting.
Menkaure seems to speed up.
You shoot an arrow. The arrow barely misses Menkaure.
The arrow misses the lemure.
The orc barely misses you. Menkaure barely misses you.
You shoot an arrow. The arrow barely misses Menkaure.
Menkaure hits you! The lemure hits you but does no damage.
The orc hits you with a +0 hand axe.
Menkaure calls on the powers of darkness!
The orc convulses!
Your body is wracked with pain!
Pikel convulses!
The orc hits you but does no damage. The lemure hits you.
2449 ||| READING scroll of teleportation.
As you read the scroll of teleportation, it crumbles to dust.
You feel strangely unstable. Menkaure hits you!
Ouch! That really hurt!
You die...

#.#
.............#.
#.#
.####...##'####.
#.# .####...##.#
#+ #.#
....#...##.# #.#
........##.# #.#
........##.# #.#
........ ...
#.######.......
#..
#.##...@.......
###
#....(5Mo......
#####..K).#.#.#
#####.# # .# .#
#


You could see Pikel, a lemure, Menkaure (fast) and an orc.

Vanquished Creatures
  A phantom (D:4)
  A gnoll (D:1)
  4 adders
  2 dart slugs
  2 orcs (D:4)
  6 ball pythons
  6 bats
  7 endoplasms
  2 giant cockroaches (D:1)
  7 goblins
  8 hobgoblins
  9 jackals (D:2)
  4 kobolds
  5 quokkas
  4 frilled lizards
  10 rats
78 creatures vanquished.

Notes
Turn   | Place    | Note
-------+----------+-------------------------------------------
     0 | D:1      | qw the Deep Elf Hunter began the quest for the Orb.
     0 | D:1      | Reached XP level 1. HP: 12/12 MP: 3/3
     0 | D:1      | 0 ||| qw: Version: 0.3-a-22-g0ed2b0b
     0 | D:1      | 0 ||| qw: Game counter: 5555
     0 | D:1      | 0 ||| qw: Melee chars always use a shield: true
     0 | D:1      | 0 ||| qw: God list: Okawaru
     0 | D:1      | 0 ||| qw: Allow faded altars: false
     0 | D:1      | 0 ||| qw: Do Orc after clearing Dungeon:15 true
     0 | D:1      | 0 ||| qw: Do second Lair branch before Depths: true
     0 | D:1      | 0 ||| qw: Lair rune preference: random
     0 | D:1      | 0 ||| qw: Goals: Normal
     0 | D:1      | 0 ||| PLANNING D:1-11
   105 | D:1      | Reached skill level 6 in Ranged Weapons
   105 | D:1      | Reached XP level 2. HP: 16/16 MP: 4/4
   277 | D:1      | Reached XP level 3. HP: 12/20 MP: 5/5
   568 | D:1      | 568 ||| DROPPING +0 sling of freezing.
   643 | D:1      | 643 ||| UPGRADING to +0 pair of boots.
   648 | D:1      | 648 ||| UPGRADING to +0 ring mail.
   658 | D:1      | 658 ||| DROPPING +0 leather armour.
   659 | D:1      | 659 ||| UPGRADING to amulet of the acrobat.
   664 | D:1      | 664 ||| READING scroll labelled PUIGAMI MIXYNO.
   665 | D:1      | 665 ||| READING scroll labelled XASHRA NATE.
   666 | D:1      | 666 ||| DROPPING scroll of butterflies.
   728 | D:2      | Reached skill level 7 in Ranged Weapons
  1055 | D:2      | Reached XP level 4. HP: 18/25 MP: 6/6
  1390 | D:2      | 1390 ||| UPGRADING to +0 cloak.
  1395 | D:2      | 1395 ||| READING scroll labelled XOFETI XACVAT.
  1396 | D:2      | 1396 ||| READING 2 scrolls labelled MOSARO ZIFOJ.
  1630 | D:3      | Reached skill level 8 in Ranged Weapons
  2132 | D:3      | 2132 ||| UPGRADING to ring of protection from fire.
  2133 | D:3      | 2133 ||| READING scroll labelled HIUJ QIUWKEKK.
  2134 | D:3      | 2134 ||| READING scroll labelled VONEM QASOEBB.
  2219 | D:4      | Noticed qw's ghost (weakling DEHu)
  2222 | D:4      | Noticed an ice beast
  2251 | D:4      | Found a runed translucent gate.
  2251 | D:4      | Found a runed translucent gate.
  2251 | D:4      | Found a runed translucent gate.
  2271 | D:4      | Noticed a phantom
  2286 | D:4      | Killed a phantom
  2287 | D:4      | Reached skill level 9 in Ranged Weapons
  2287 | D:4      | Reached XP level 5. HP: 20/29 MP: 7/7
  2435 | D:4      | Noticed Menkaure
  2442 | D:4      | Noticed a lemure
  2445 | D:4      | Noticed Pikel
  2448 | D:4      | HP: 6/30 [lemure[Pikel] (2)]
  2449 | D:4      | 2449 ||| READING scroll of teleportation.
  2449 | D:4      | Mangled by Menkaure

Levels and vault maps discovered:
D:1:      amcnicky_arrival_flooded_fountain, layout_basic
D:2:      layout_loops_ring
D:3:      layout_basic
D:4:      layout_basic, gammafunk_ghost_icy, uniq_robin, uniq_menkaure,
          uniq_pikel

Skill      XL: |  1  2  3  4 |
---------------+-------------+-----
Ranged Weapons | 6 7 9 |  9.0
Fighting       | |  1.7
Dodging        | |  2.4
Stealth        | |  1.2

Action                     |  1- 3 |  4- 6 || total
---------------------------+-------+-------++-------
   Fire: Shortbow          |   105 |   139 ||   244
    Use: Scroll            |     2 |     5 ||     7
 Armour: Leather armour    |    11 |       ||    11
         Ring mail         |     9 |    23 ||    32
  Dodge: Dodged            |    31 |    31 ||    62

Table legend:
 A = Non-vault XP
 B = Vault XP
 C = Vault XP percentage of total XP
 D = Non-vault monster count
 E = Vault monster count
 F = Vault count percentage of total count
                 A         B        C        D         E       F
            +---------+---------+-------+---------+---------+-------
      Total |     299 |       0 |   0.0 |      78 |       0 |   0.0
            +---------+---------+-------+---------+---------+-------
        D:1 |      57 |       0 |   0.0 |      28 |       0 |   0.0
        D:2 |      67 |       0 |   0.0 |      24 |       0 |   0.0
        D:3 |      36 |       0 |   0.0 |      15 |       0 |   0.0
        D:4 |     139 |       0 |   0.0 |      11 |       0 |   0.0
            +---------+---------+-------+---------+---------+-------
